| TOP OF THE 1ST |
|
Erie SeaWolves batting - Pitching for New Hampshire Fisher Cats : RHP Josh Weinmann
|
|
Pitching: RHP Josh Weinmann
|
|
|
Batting: RHB Tanner Purchase
|
0-0: Ground out 4-3 (Groundball, 4, EV 112.5 MPH)
|
|
Batting: RHB Adam MacConnell
|
0-0: Called Strike 0-1: Ball 1-1: Ball 2-1: Foul Ball, location: 2F 2-2: Strikes out swinging
|
|
Batting: RHB John Evancho
|
0-0: Called Strike 0-1: Ball 1-1: Foul Ball, location: 2F 1-2: Ground out 6-3 (Groundball, 6, EV 87.5 MPH)
|
| Top of the 1st over - 0 runs, 0 hits, 0 errors, 0 left on base; Erie 0 - New Hampshire 0 |
| BOTTOM OF THE 1ST |
|
New Hampshire Fisher Cats batting - Pitching for Erie SeaWolves : RHP Adam Huemmer
|
|
Pitching: RHP Adam Huemmer
|
|
|
Batting: LHB Pauli Gassinger
|
0-0: Fly out, F8 (Flyball, 8RM, EV 95.0 MPH)
|
|
Batting: RHB Justin Powell
|
0-0: Ball 1-0: Foul Ball, location: 2F 1-1: Ball 2-1: Foul Ball, location: 2F 2-2: Ball 3-2: Foul Ball, location: 2F 3-2: Base on Balls
|
|
Batting: SHB Jack Andrews
|
0-0: Ball Justin Powell steals 2nd base 1-0: Ball 2-0: Ball 3-0: Base on Balls
|
|
Batting: RHB Jorge Baret
|
0-0: Ball 1-0: Ball 2-0: Called Strike 2-1: Fly out, F9 (Flyball, 9, EV 91.2 MPH)
|
|
Batting: RHB Butch Koglin
|
0-0: Foul Ball, location: 2F 0-1: Fly out, F7 (Flyball, 7LD, EV 103.8 MPH)
|
| Bottom of the 1st over - 0 runs, 0 hits, 0 errors, 2 left on base; Erie 0 - New Hampshire 0 |
| TOP OF THE 2ND |
|
Erie SeaWolves batting - Pitching for New Hampshire Fisher Cats : RHP Josh Weinmann
|
|
Batting: RHB Eric Angelle
|
0-0: Called Strike 0-1: Ground out 5-3 (Groundball, 56S, EV 69.4 MPH)
|
|
Batting: RHB Carlos Armenteros
|
0-0: Ball 1-0: Foul Ball, location: 2F 1-1: Ball 2-1: Foul Ball, location: 2F 2-2: Foul Ball, location: 2F 2-2: Strikes out looking
|
|
Batting: SHB Sean Foley
|
0-0: Ball 1-0: Foul Ball, location: 2F 1-1: Ground out 4-3 (Groundball, 4, EV 83.1 MPH)
|
| Top of the 2nd over - 0 runs, 0 hits, 0 errors, 0 left on base; Erie 0 - New Hampshire 0 |
| BOTTOM OF THE 2ND |
|
New Hampshire Fisher Cats batting - Pitching for Erie SeaWolves : RHP Adam Huemmer
|
|
Batting: RHB Chris Martin
|
0-0: Foul Ball, location: 2F 0-1: Foul Ball, location: 2F 0-2: DOUBLE (Line Drive, 78M, EV 104.4 MPH)
|
|
Batting: RHB Kirk Seiffert
|
0-0: Ball 1-0: SINGLE (Flyball, 5D, EV 86.2 MPH) Chris Martin to third
|
|
Batting: RHB Bryan Peterson
|
0-0: Ball 1-0: Called Strike 1-1: Ball 2-1: Grounds into double play, 6-4-3 (Groundball, 56, EV 85.0 MPH) Chris Martin scores
|
|
Batting: RHB Frank Caulfield
|
0-0: Called Strike 0-1: Ball 1-1: Fly out, F8 (Line Drive, 8RD, EV 93.1 MPH)
|
| Bottom of the 2nd over - 1 run, 2 hits, 0 errors, 0 left on base; Erie 0 - New Hampshire 1 |
| TOP OF THE 3RD |
|
Erie SeaWolves batting - Pitching for New Hampshire Fisher Cats : RHP Josh Weinmann
|
|
Batting: LHB Luis Dominguez
|
0-0: Ball 1-0: Called Strike 1-1: Foul Ball, location: 2F 1-2: SINGLE (Groundball, 6M, EV 98.1 MPH)
|
|
Batting: RHB Victor Reyes
|
0-0: Called Strike 0-1: Ball 1-1: Swinging Strike 1-2: Foul Ball, location: 2F 1-2: Foul Ball, location: 2F 1-2: Strikes out swinging
|
|
Batting: RHB Jordan Hall
|
0-0: Ball 1-0: Ball 2-0: Ball 3-0: Base on Balls Luis Dominguez to second
|
|
Batting: RHB Tanner Purchase
|
0-0: Called Strike 0-1: Ball 1-1: Grounds into double play, 6-4-3 (Groundball, 6, EV 89.4 MPH)
|
| Top of the 3rd over - 0 runs, 1 hit, 0 errors, 1 left on base; Erie 0 - New Hampshire 1 |
| BOTTOM OF THE 3RD |
|
New Hampshire Fisher Cats batting - Pitching for Erie SeaWolves : RHP Adam Huemmer
|
|
Batting: LHB Pauli Gassinger
|
0-0: Swinging Strike 0-1: Ball 1-1: Ball 2-1: Foul Ball, location: 2F 2-2: Foul Ball, location: 2F 2-2: Ball 3-2: Foul Ball, location: 2F 3-2: Base on Balls
|
|
Batting: RHB Justin Powell
|
0-0: Ball 1-0: Foul Ball, location: 2F 1-1: Foul Ball, location: 2F 1-2: Foul Ball, location: 2F 1-2: Grounds into double play, 4-6-3 (Groundball, 4, EV 105.6 MPH)
|
|
Batting: SHB Jack Andrews
|
0-0: Ball 1-0: Swinging Strike 1-1: Ground out 4-3 (Groundball, 4, EV 91.2 MPH)
|
| Bottom of the 3rd over - 0 runs, 0 hits, 0 errors, 0 left on base; Erie 0 - New Hampshire 1 |
| TOP OF THE 4TH |
|
Erie SeaWolves batting - Pitching for New Hampshire Fisher Cats : RHP Josh Weinmann
|
|
Batting: RHB Adam MacConnell
|
0-0: Ball 1-0: SINGLE (Line Drive, 7S, EV 91.2 MPH)
|
|
Batting: RHB John Evancho
|
0-0: Foul Ball, location: 2F 0-1: Foul Ball, location: 2F 0-2: Ball 1-2: Foul Ball, location: 2F 1-2: Grounds into double play, 6-4-3 (Groundball, 6, EV 86.9 MPH)
|
|
Batting: RHB Eric Angelle
|
0-0: Fly out, F4 (Popup, 3D, EV 53.8 MPH)
|
| Top of the 4th over - 0 runs, 1 hit, 0 errors, 0 left on base; Erie 0 - New Hampshire 1 |
| BOTTOM OF THE 4TH |
|
New Hampshire Fisher Cats batting - Pitching for Erie SeaWolves : RHP Adam Huemmer
|
|
Batting: RHB Jorge Baret
|
0-0: Ball 1-0: SINGLE (Groundball, 4MD, EV 96.2 MPH)
|
|
Pitching: RHP Andy Thoennes
|
|
|
Batting: RHB Butch Koglin
|
0-0: Called Strike 0-1: Swinging Strike 0-2: Ball 1-2: Foul Ball, location: 2F 1-2: 2-RUN HOME RUN (Flyball, 7LD, EV 93.8 MPH), Distance : 348 ft
|
|
Batting: RHB Chris Martin
|
0-0: Ball 1-0: Foul Ball, location: 2F 1-1: Foul Ball, location: 2F 1-2: Ball 2-2: Reached on error, E6 (Groundball, 6, EV 101.9 MPH)
|
|
Batting: RHB Kirk Seiffert
|
0-0: Called Strike 0-1: Ball 1-1: Ball Chris Martin steals 2nd base 2-1: Ball 3-1: Foul Ball, location: 2F 3-2: Ground out 4-3 (Groundball, 4, EV 81.2 MPH) Chris Martin to third
|
|
Batting: RHB Bryan Peterson
|
0-0: Called Strike 0-1: Called Strike 0-2: Strikes out swinging
|
|
Batting: RHB Frank Caulfield
|
0-0: Fly out, F1 (Line Drive, P, EV 62.5 MPH)
|
| Bottom of the 4th over - 2 runs, 2 hits, 1 error, 1 left on base; Erie 0 - New Hampshire 3 |
| TOP OF THE 5TH |
|
Erie SeaWolves batting - Pitching for New Hampshire Fisher Cats : RHP Josh Weinmann
|
|
Batting: RHB Carlos Armenteros
|
0-0: Called Strike 0-1: Fly out, F8 (Flyball, 78M, EV 88.8 MPH)
|
|
Batting: SHB Sean Foley
|
0-0: Ball 1-0: DOUBLE (Line Drive, 78D, EV 111.2 MPH)
|
|
Batting: LHB Luis Dominguez
|
0-0: Ground out 6-3 (Groundball, 6M, EV 88.1 MPH) Sean Foley to third
|
|
Batting: RHB Victor Reyes
|
0-0: Ball 1-0: Ground out 6-3 (Groundball, 6, EV 82.5 MPH)
|
| Top of the 5th over - 0 runs, 1 hit, 0 errors, 1 left on base; Erie 0 - New Hampshire 3 |
| BOTTOM OF THE 5TH |
|
New Hampshire Fisher Cats batting - Pitching for Erie SeaWolves : RHP Andy Thoennes
|
|
Batting: LHB Pauli Gassinger
|
0-0: Ball 1-0: Ground out 5-3 (Groundball, 56, EV 85.0 MPH)
|
|
Batting: RHB Justin Powell
|
0-0: Ground out 6-3 (Groundball, 6, EV 100.0 MPH)
|
|
Batting: SHB Jack Andrews
|
0-0: Ball 1-0: Ball 2-0: Foul Ball, location: 2F 2-1: Called Strike 2-2: SINGLE (Groundball, 34S, EV 61.9 MPH) (infield hit)
|
|
Batting: RHB Jorge Baret
|
0-0: Called Strike 0-1: Ball Jack Andrews is caught stealing 2nd base 2-4
|
| Bottom of the 5th over - 0 runs, 1 hit, 0 errors, 0 left on base; Erie 0 - New Hampshire 3 |
| TOP OF THE 6TH |
|
Erie SeaWolves batting - Pitching for New Hampshire Fisher Cats : RHP Josh Weinmann
|
|
Batting: RHB Jordan Hall
|
0-0: Ball 1-0: Called Strike 1-1: Swinging Strike 1-2: Ground out U3 (Groundball, 34, EV 105.6 MPH)
|
|
Batting: RHB Tanner Purchase
|
0-0: Ground out 6-3 (Groundball, 6, EV 105.6 MPH)
|
|
Batting: RHB Adam MacConnell
|
0-0: Ball 1-0: Ground out U3 (Groundball, 3S, EV 79.4 MPH)
|
| Top of the 6th over - 0 runs, 0 hits, 0 errors, 0 left on base; Erie 0 - New Hampshire 3 |
| BOTTOM OF THE 6TH |
|
New Hampshire Fisher Cats batting - Pitching for Erie SeaWolves : RHP Andy Thoennes
|
|
Batting: RHB Jorge Baret
|
0-0: Ball 1-0: Ball 2-0: Fly out, F8 (Flyball, 8RM, EV 87.5 MPH)
|
|
Batting: RHB Butch Koglin
|
0-0: Foul Ball, location: 2F 0-1: Ball 1-1: Swinging Strike 1-2: DOUBLE (Line Drive, 9LS, EV 90.0 MPH)
|
|
Batting: RHB Chris Martin
|
0-0: Ball 1-0: Foul Ball, location: 2F 1-1: Ball 2-1: Ball 3-1: Foul Ball, location: 2F 3-2: SINGLE (Groundball, 56S, EV 68.8 MPH) (infield hit) Butch Koglin to third
|
|
Batting: RHB Kirk Seiffert
|
0-0: Ball 1-0: Called Strike 1-1: Fly out, F8 (Flyball, 8RM, EV 84.4 MPH)
|
|
Batting: RHB Bryan Peterson
|
0-0: Foul Ball, location: 2F 0-1: Swinging Strike 0-2: Ground out 1-3 (Groundball, 34S, EV 68.8 MPH)
|
| Bottom of the 6th over - 0 runs, 2 hits, 0 errors, 2 left on base; Erie 0 - New Hampshire 3 |
| TOP OF THE 7TH |
|
Erie SeaWolves batting - Pitching for New Hampshire Fisher Cats : RHP Josh Weinmann
|
|
Batting: RHB John Evancho
|
0-0: Foul Ball, location: 2F 0-1: Foul Ball, location: 2F 0-2: Ball 1-2: Foul Ball, location: 2F 1-2: Strikes out swinging
|
|
Batting: RHB Eric Angelle
|
0-0: Called Strike 0-1: Ball 1-1: Ground out 4-3 (Groundball, 4, EV 107.5 MPH)
|
|
Batting: RHB Carlos Armenteros
|
0-0: Ball 1-0: Called Strike 1-1: Called Strike 1-2: Strikes out swinging
|
| Top of the 7th over - 0 runs, 0 hits, 0 errors, 0 left on base; Erie 0 - New Hampshire 3 |
| BOTTOM OF THE 7TH |
|
New Hampshire Fisher Cats batting - Pitching for Erie SeaWolves : RHP Andy Thoennes
|
|
Pitching: RHP Luke Totzke
|
|
|
Batting: RHB Frank Caulfield
|
0-0: Ball 1-0: Ground out 5-3 (Groundball, 25, EV 83.1 MPH)
|
|
Batting: LHB Pauli Gassinger
|
0-0: Foul Ball, location: 2F 0-1: Foul Ball, location: 2F 0-2: Strikes out swinging
|
|
Batting: RHB Justin Powell
|
0-0: Ground out 5-3 (Groundball, 56, EV 97.5 MPH)
|
| Bottom of the 7th over - 0 runs, 0 hits, 0 errors, 0 left on base; Erie 0 - New Hampshire 3 |
| TOP OF THE 8TH |
|
Erie SeaWolves batting - Pitching for New Hampshire Fisher Cats : RHP Josh Weinmann
|
|
Batting: SHB Sean Foley
|
0-0: Called Strike 0-1: Swinging Strike 0-2: Strikes out swinging
|
|
Batting: LHB Luis Dominguez
|
0-0: Ball 1-0: Fly out, F8 (Flyball, 8RD, EV 93.8 MPH)
|
|
Batting: RHB Victor Reyes
|
0-0: Ball 1-0: Called Strike 1-1: Ground out 6-3 (Groundball, 6, EV 82.5 MPH)
|
| Top of the 8th over - 0 runs, 0 hits, 0 errors, 0 left on base; Erie 0 - New Hampshire 3 |
| BOTTOM OF THE 8TH |
|
New Hampshire Fisher Cats batting - Pitching for Erie SeaWolves : RHP Luke Totzke
|
|
Pitching: RHP Branden Maynard
|
|
|
Batting: SHB Jack Andrews
|
0-0: Ball 1-0: Ball 2-0: Called Strike 2-1: DOUBLE (Line Drive, 9LM, EV 86.9 MPH)
|
|
Batting: RHB Jorge Baret
|
0-0: Ball 1-0: Foul Ball, location: 2F 1-1: SINGLE (Line Drive, 56, EV 98.8 MPH) Jack Andrews to third
|
|
Batting: RHB Butch Koglin
|
0-0: Fly out, F7 (Line Drive, 7D, EV 93.1 MPH) Runner from 3rd tags up, SCORES, no throw by LF
|
|
Batting: RHB Chris Martin
|
0-0: Foul Ball, location: 2F 0-1: Foul Ball, location: 2F 0-2: Fielders Choice at 2nd, 5-4 (Groundball, 56, EV 85.0 MPH)
|
|
Batting: RHB Kirk Seiffert
|
0-0: Called Strike Chris Martin steals 2nd, throwing error, E2 Chris Martin to third 0-1: Foul Ball, location: 2F 0-2: Strikes out swinging
|
| Bottom of the 8th over - 1 run, 2 hits, 1 error, 1 left on base; Erie 0 - New Hampshire 4 |
| TOP OF THE 9TH |
|
Erie SeaWolves batting - Pitching for New Hampshire Fisher Cats : RHP Josh Weinmann
|
|
Batting: RHB Jordan Hall
|
0-0: Called Strike 0-1: Called Strike 0-2: SINGLE (Groundball, 56D, EV 103.8 MPH)
|
|
Batting: RHB Tanner Purchase
|
0-0: Ball 1-0: Foul Ball, location: 2F 1-1: Ball 2-1: Ball 3-1: Called Strike 3-2: Foul Ball, location: 2F 3-2: Base on Balls Jordan Hall to second
|
|
Pitching: RHP Sergio Valdivia
|
|
|
Batting: RHB Adam MacConnell
|
0-0: Called Strike 0-1: Fly out, F9 (Flyball, 89S, EV 83.1 MPH)
|
|
Batting: RHB John Evancho
|
0-0: Ball 1-0: Foul Ball, location: 2F 1-1: Foul Ball, location: 2F 1-2: Strikes out swinging
|
|
Batting: RHB Eric Angelle
|
0-0: Ball 1-0: Ball 2-0: Ball 3-0: Called Strike 3-1: SINGLE (Groundball, 3D, EV 95.6 MPH) Jordan Hall to third Tanner Purchase to second
|
|
Batting: RHB Carlos Armenteros
|
0-0: Called Strike 0-1: Ball 1-1: Foul Ball, location: 2F 1-2: Ball 2-2: Strikes out swinging
|
| Top of the 9th over - 0 runs, 2 hits, 0 errors, 3 left on base; Erie 0 - New Hampshire 4 |
|